 Dungeon Crawl Stone Soup version 0.23.2-1-ga50397a (webtiles) character file.

Game seed: 7408377904178165032

16277 Borgoz the Carver (level 12, -8/103 (104) HPs)
             Began as a Ghoul Gladiator on May 24, 2019.
             Was a High Priest of Okawaru.
             Mangled by an alligator simulacrum (14 damage)
             ... in an ice cave on May 25, 2019.
             The game lasted 00:23:50 (10279 turns).

Borgoz the Carver (Ghoul Gladiator)                Turns: 10279, Time: 00:23:51

HP:   -8/103 (104)  AC: 11    Str: 22    XL:     12   Next: 35%
MP:   0/14          EV: 15    Int:  3    God:    Okawaru [*****.]
Gold: 195           SH:  0    Dex: 11    Spells: 11/11 levels left

rFire    . . .     SeeInvis +   F - +0 great sword (flame)
rCold    + + .     Gourm    .   (shield currently unavailable)
rNeg     + + +     Faith    .   I - +0 ring mail {rF+}
rPois    ∞         Spirit   +   m - +0 mask of the Dragon {MR+ Slay+3 SInv}
rElec    .         Reflect  .   (no cloak)
rCorr    .         Harm     .   l - +2 pair of gloves
MR       +....                  n - +0 pair of boots
Stlth    +.........             g - amulet of guardian spirit
HPRegen  0.00/turn              L - ring of ice
MPRegen  0.14/turn              (no ring)

@: rotting
A: rotting body, claws 1, carnivore, cold resistance 1, negative energy
resistance 3, inhibited regeneration, torment resistance, unbreathing
a: Heroism, Finesse, Renounce Religion


You were in an ice cave.
You worshipped Okawaru.
Okawaru was extremely pleased with you.
You were not hungry.

You visited 2 branches of the dungeon, and saw 13 of its levels.
You also visited: Ice Cave.

You collected 600 gold pieces.
You spent 405 gold pieces at shops.

Inventory:

Hand Weapons
 a - a +1 falchion of draining
 b - a +3 short sword of venom
 d - a +2 falchion of protection
 q - the +4 hunting sling of the Distant Future {flame, rElec rF+}
   (You acquired it on level 5 of the Dungeon)

   It causes projectiles fired from it to burn those they strike, causing extra
   injury to most foes and up to half again as much damage against particularly
   susceptible opponents.
   It protects you from fire.
   It insulates you from electricity.
 w - a +0 long sword
 x - a +1 dagger of draining
 A - a +0 scimitar
 B - a +4 rapier
 F - a +0 great sword of flaming (weapon)
Armour
 l - a +2 pair of gloves (worn)
 m - the +0 mask of the Dragon (worn) {MR+ Slay+3 SInv}
   (You found it on level 4 of the Dungeon)

   It affects your accuracy and damage with ranged weapons and melee attacks
   (+3).
   It affects your resistance to hostile enchantments.
   It lets you see invisible.
 n - a +0 pair of boots (worn)
 t - a +0 plate armour
 I - a +0 ring mail of fire resistance (worn)
Jewellery
 g - an amulet of guardian spirit (around neck)
 j - a -3 ring of protection
 s - an uncursed ring of positive energy
 G - a cursed ring of positive energy
 L - a ring of ice (left hand)
 O - the ring "Zureunof" {*Tele rF+ rN++}
   (You found it on level 12 of the Dungeon)

   [ring of teleportation]

   It may teleport you next to monsters.
   It protects you from fire.
   It greatly protects you from negative energy.
Wands
 u - a wand of paralysis (11)
 v - a wand of acid (3)
 D - a wand of iceblast (7)
 K - a wand of flame (12)
Scrolls
 e - a scroll of magic mapping
 h - 2 scrolls of teleportation
 i - a scroll of fog
 o - 4 scrolls of enchant weapon
 y - a scroll of remove curse
 C - a scroll of blinking
 J - 2 scrolls of fear
Potions
 c - a potion of flight
 p - a potion of magic
 r - 3 potions of brilliance
 E - 4 potions of haste
 M - a potion of curing
Comestibles
 f - 26 rations
 k - 5 chunks of flesh


   Skills:
 + Level 9.2 Fighting
 * Level 10.3 Long Blades
 - Level 1.7 Throwing
 * Level 8.6 Armour
 * Level 9.2 Dodging
 + Level 4.7 Invocations


You had 11 spell levels left.
You didn't know any spells.
Your spell library contained the following spells:

 Spells                   Type           Power        Failure   Level  Hunger
 Summon Butterflies       Summ           #.......     65%         1    ##.....
 Sticks to Snakes         Tmut           #.......     80%         2    ###....
 Call Canine Familiar     Summ           #.......     95%         3    ####...
 Summon Ice Beast         Ice/Summ       #.......     100%        4    #####..
 Summon Mana Viper        Hex/Summ       #.......     100%        5    ######.
 Summon Hydra             Summ           #.........   100%        7    #######
 Beastly Appendage        Tmut           Unusable     N/A         1    N/A
 Spider Form              Tmut/Pois      Unusable     N/A         3    N/A
 Ice Form                 Ice/Tmut       Unusable     N/A         4    N/A
 Blade Hands              Tmut           Unusable     N/A         5    N/A

Dungeon Overview and Level Annotations

Branches:
Dungeon (12/15)            Temple (1/1) D:4            Lair (0/6) D:11
    Orc: D:9-12

Altars:
Ashenzari
Cheibriados
Dithmenos
Elyvilon
Fedhas
Gozag
Hepliaklqana
Kikubaaqudgha
Makhleb
Nemelex Xobeh
Okawaru
Qazlal
Ru
Sif Muna
Trog
Uskayaw
Vehumet
Wu Jian
Xom
Yredelemnul
Zin
The Shining One
Beogh

Shops:
D:6 *   D:12 }


Innate Abilities, Weirdness & Mutations

Your body is rotting away.
You thrive on raw meat.
You are immune to poison.
You have sharp fingernails.
You are carnivorous and can eat meat at any time.
Your flesh is cold resistant. (rC+)
You are immune to negative energy. (rN+++)
You do not regenerate when monsters are visible.
You are immune to unholy pain and torment.
You can survive without breathing.


Message History

The polar bear simulacrum barely misses you.
The alligator simulacrum bites you!
* * * LOW HITPOINT WARNING * * *
The alligator simulacrum freezes you! You resist.
* * * LOW HITPOINT WARNING * * *
The alligator simulacrum misses you.
Unknown command.
Evoke which item? (* to show all) (? for menu, Esc to quit)
Okay, then.
Okay, then.
Okay, then.
You slice the alligator simulacrum!!
You melt the alligator simulacrum!
The alligator simulacrum is almost destroyed.
The polar bear simulacrum bites you!
* * * LOW HITPOINT WARNING * * *
The polar bear simulacrum freezes you. You resist.
* * * LOW HITPOINT WARNING * * *
The polar bear simulacrum claws you but does no damage. x2
The alligator simulacrum bites you!
You die...

#. .##
..##
...##
#...#
##...#
#ZZ○#
##.@.##
##.....##
#...∩...#
#.......#
##..∩..##
##...##
#####


You could see an alligator simulacrum and a polar bear simulacrum.

Vanquished Creatures
  2 hydras
  Pikel (D:5)
  An elephant (D:10)
  A centaur skeleton (D:8)
  A hippogriff (D:11)
  A wraith (D:10)
  A human (D:8)
  A wyvern (D:9)
  3 hogs (D:8)
  9 yaks
  A basilisk (D:10)
  Edmund (D:4)
  A soldier ant (D:10)
  3 sky beasts
  3 orc warriors
  A black bear (D:7)
  2 ice beasts
  4 slaves (D:5)
  A necrophage (D:8)
  An ogre (D:9)
  4 phantoms
  2 centaurs
  A crocodile (D:10)
  4 bullfrogs
  2 scorpions
  An elephant simulacrum (IceCv)
  5 killer bees (D:10)
  3 crimson imps
  A howler monkey (D:10)
  2 bullfrog zombies
  A centaur zombie (D:5)
  2 hounds
  10 orc priests
  9 orc wizards
  Jessica (D:2)
  A bullfrog skeleton (D:9)
  2 iguanas
  6 worker ants
  A polar bear simulacrum (IceCv)
  A killer bee zombie (D:2)
  A hound zombie (D:6)
  A worker ant zombie (D:7)
  4 gnolls (D:7)
  4 adders
  2 shadow imps
  12 white imps (D:12)
  2 oozes
  3 adder zombies
  A worm (D:4)
  2 dart slugs (D:2)
  7 leopard geckos
  55 orcs
  5 bats
  4 giant cockroaches
  6 goblins
  10 hobgoblins
  5 jackals (D:6)
  4 quokkas
  8 frilled lizards
  4 kobolds
  A leopard gecko skeleton (D:4)
  3 quokka skeletons
  A quokka zombie (D:8)
  9 rats
252 creatures vanquished.

Notes
Turn   | Place    | Note
-------+----------+-------------------------------------------
     0 | D:1      | Borgoz the Ghoul Gladiator began the quest for the Orb.
     0 | D:1      | Reached XP level 1. HP: 17/17 MP: 0/0
   316 | D:1      | Reached XP level 2. HP: 23/25 MP: 1/1
   410 | D:1      | Reached skill level 3 in Long Blades
   615 | D:1      | Reached XP level 3. HP: 26/30 MP: 2/2
   962 | D:2      | HP: 1/30 [orc priest/divine providence (13)]
   963 | D:2      | Reached skill level 1 in Armour
   963 | D:2      | Reached XP level 4. HP: 1/37 MP: 3/3
  1148 | D:2      | Noticed Jessica
  1161 | D:2      | Killed Jessica
  1347 | D:2      | Reached XP level 5. HP: 29/45 MP: 2/4
  1425 | D:2      | Found a radiant altar of Vehumet.
  1569 | D:2      | Found an ancient bone altar of Kikubaaqudgha.
  1569 | D:2      | Found an opulent altar of Gozag.
  2229 | D:3      | Reached skill level 4 in Long Blades
  2367 | D:4      | Found the +0 mask of the Dragon {MR+ Slay+3 SInv}
  2389 | D:4      | Noticed Edmund
  2436 | D:4      | Killed Edmund
  2436 | D:4      | Reached XP level 6. HP: 20/51 MP: 5/5
  2937 | D:4      | Noticed a moth of wrath
  2940 | D:4      | Found a bloodstained altar of Trog.
  3131 | D:4      | Found an ornate altar of the Wu Jian Council.
  3246 | D:4      | Found a snail-covered altar of Cheibriados.
  3249 | D:4      | Found a basalt altar of Yredelemnul.
  3255 | D:4      | Found a hazy altar of Hepliaklqana.
  3291 | D:4      | Found a staircase to the Ecumenical Temple.
  3300 | Temple   | Entered the Ecumenical Temple
  3514 | Temple   | Became a worshipper of Warmaster Okawaru
  3605 | D:5      | Entered Level 5 of the Dungeon
  3630 | D:5      | Noticed a sky beast
  3632 | D:5      | Found a shattered altar of Ashenzari.
  3637 | D:5      | Killed a sky beast
  3637 | D:5      | Reached skill level 5 in Long Blades
  3637 | D:5      | Reached XP level 7. HP: 42/56 MP: 4/6
  3723 | D:5      | Noticed Pikel
  3780 | D:6      | Found Veagipto's Assorted Antiques.
  3802 | D:6      | Bought a pair of runed gloves for 225 gold pieces
  4087 | D:6      | Reached * piety under Okawaru
  4403 | D:5      | Found a sacrificial altar of Ru.
  4465 | D:5      | Reached XP level 8. HP: 54/67 MP: 5/7
  4639 | D:5      | Identified a scroll of acquirement
  4640 | D:5      | Got a dazzling hunting sling
  4974 | D:6      | Reached skill level 6 in Long Blades
  5139 | D:6      | Reached skill level 5 in Fighting
  5483 | D:7      | Reached ** piety under Okawaru
  5576 | D:7      | Reached skill level 5 in Dodging
  5748 | D:7      | Reached skill level 7 in Long Blades
  5787 | D:7      | Reached XP level 9. HP: 8/75 MP: 1/8
  6118 | D:7      | Found a stormy altar of Qazlal.
  6177 | D:7      | Found a burning altar of Makhleb.
  6179 | D:7      | Found a glowing silver altar of Zin.
  6215 | D:7      | Found a blossoming altar of Fedhas.
  6800 | D:8      | Reached skill level 1 in Invocations
  6812 | D:8      | Reached *** piety under Okawaru
  6812 | D:8      | Reached skill level 5 in Armour
  7086 | D:8      | Reached skill level 8 in Long Blades
  7374 | D:8      | Found a roughly hewn altar of Beogh.
  7383 | D:8      | Reached XP level 10. HP: 81/84 MP: 10/10
  8148 | D:9      | Identified the +4 hunting sling of the Distant Future
                  | {flame, rElec rF+} (You acquired it on level 5 of the
                  | Dungeon)
  8159 | D:9      | Found a sparkling altar of Nemelex Xobeh.
  8573 | D:6      | Bought a potion of might for 120 gold pieces
  8573 | D:6      | Bought a scroll of identify for 60 gold pieces
  8887 | D:5      | Killed Pikel
  8887 | D:5      | Reached **** piety under Okawaru
  9061 | D:10     | Entered Level 10 of the Dungeon
  9419 | D:10     | Received a gift from Okawaru
  9434 | D:10     | Reached skill level 9 in Long Blades
  9436 | D:10     | Reached ***** piety under Okawaru
  9688 | D:10     | Reached XP level 11. HP: 89/92 MP: 13/13
  9832 | D:11     | Found a staircase to the Lair.
  9992 | D:11     | Noticed an eight-headed hydra
 10032 | D:11     | Killed an eight-headed hydra
 10069 | D:12     | Noticed a six-headed hydra
 10076 | D:12     | Killed a six-headed hydra
 10091 | D:12     | Found Arolur's Gadget Shop.
 10140 | D:12     | Found a frozen archway.
 10237 | D:12     | Got a faintly glowing marble ring
 10247 | D:12     | Identified the ring "Zureunof" {*Tele rF+ rN++} (You found
                  | it on level 12 of the Dungeon)
 10251 | D:12     | Reached skill level 10 in Long Blades
 10251 | D:12     | Reached XP level 12. HP: 91/103 MP: 14/14
 10272 | IceCv    | Entered an ice cave
 10279 | IceCv    | Mangled by an alligator simulacrum

Skill      XL: |  1  2  3  4  5  6  7  8  9 10 11 |
---------------+----------------------------------+-----
Long Blades    | 3 4 5 7 8 9 10 | 10.3
Dodging        | 3 4 5 6 7 9 |  9.2
Armour         | 1 2 3 4 5 7 8 |  8.6
Fighting       | 3 4 5 6 7 9 |  9.2
Invocations    | 2 4 |  4.7
Throwing       | |  1.7

Action                   |  1- 3 |  4- 6 |  7- 9 | 10-12 || total
-------------------------+-------+-------+-------+-------++-------
Melee: Long sword        |    89 |    80 |   260 |       ||   429
       Dagger            |       |   116 |       |    24 ||   140
       Falchion          |       |       |   109 |   403 ||   512
       Rapier            |       |       |    32 |       ||    32
       Short sword       |       |       |       |     1 ||     1
       Great sword       |       |       |       |     5 ||     5
Throw: Throwing net      |       |       |     3 |       ||     3
Invok: Heroism           |       |       |     1 |     1 ||     2
Evoke: Wand              |       |       |       |     5 ||     5
  Use: Potion            |       |    10 |     5 |     4 ||    19
       Scroll            |       |     7 |     7 |     9 ||    23
 Stab: Invisible         |       |     5 |       |       ||     5
       Sleeping          |       |       |     1 |       ||     1
       Held in net/web   |       |       |     2 |       ||     2
  Eat: Chunk             |     3 |     9 |    12 |    28 ||    52
Armor: Leather armour    |    30 |    10 |       |       ||    40
       Ring mail         |       |    53 |    48 |    84 ||   185
       Plate armour      |       |       |   164 |   203 ||   367
Dodge: Dodged            |    67 |   146 |   172 |   247 ||   632
       Rpst.: Long sword |    21 |    17 |    42 |       ||    80
       Falchion          |       |       |     7 |    59 ||    66
       Great sword       |       |       |       |     1 ||     1
